 Dungeon Crawl Stone Soup version 0.25.1-2-g60ff931df9 (webtiles) character file.

Game seed: 839666024733180727

507 pokeman the Magician (level 6, -21/34 HPs)
             Began as a Deep Elf Wizard on Nov 4, 2020.
             Was an Initiate of Vehumet.
             Demolished by an ogre
             ... wielding a +0 giant club
              (28 damage)
             ... on level 4 of the Dungeon.
             The game lasted 00:09:00 (4622 turns).

pokeman the Magician (Deep Elf Wizard)              Turns: 4622, Time: 00:09:00

Health: -21/34     AC:  4    Str:  4    XL:     6   Next: 97%
Magic:  21/27      EV: 12    Int: 25    God:    Vehumet [......]
Gold:   132        SH:  0    Dex: 13    Spells: 7/19 levels left

rFire    . . .     SeeInvis .   k - +2 hand axe (venom)
rCold    . . .     Gourm    .   (no shield)
rNeg     . . .     Faith    .   o - +0 leather armour
rPois    .         Spirit   .   b - +0 hat
rElec    .         Reflect  .   (no cloak)
rCorr    .         Harm     .   i - +0 pair of gloves
MR       .....                  (no boots)
Stlth    ++........             (no amulet)
HPRegen  0.11/turn              g - ring of magical power
MPRegen  0.20/turn              (no ring)

@: very slightly contaminated
A: no striking features
a: Renounce Religion


You were on level 4 of the Dungeon.
You worshipped Vehumet.
Vehumet was noncommittal.
You were not hungry.

You visited 2 branches of the dungeon, and saw 5 of its levels.

You collected 132 gold pieces.

Inventory:

Hand Weapons
 k - a +2 hand axe of venom (weapon)
Missiles
 a - 58 bolts
Armour
 b - a +0 hat (worn)
 i - a +0 pair of gloves (worn)
 o - a +0 leather armour (worn)
Jewellery
 g - a ring of magical power (left hand)
Wands
 s - a wand of random effects (18)
 v - a wand of enslavement (6)
Scrolls
 f - 2 scrolls of random uselessness {unknown}
 h - 3 scrolls of identify {unknown}
 l - 3 scrolls of magic mapping {unknown}
 m - a scroll of remove curse {unknown}
 r - a scroll of fog {unknown}
 w - a scroll of blinking {unknown}
 x - a scroll of enchant armour {unknown}
Potions
 c - a potion of stabbing {unknown}
 e - 2 potions of mutation {unknown}
 j - a potion of berserk rage {unknown}
 n - a potion of invisibility
 p - 2 potions of degeneration {unknown}
 q - a potion of flight {unknown}
 t - a potion of lignification {unknown}
 u - a potion of resistance {unknown}
Comestibles
 d - 4 rations


   Skills:
 - Level 1.0 Fighting
 - Level 1.0 Armour
 - Level 3.3 Dodging
 - Level 3.0 Stealth
 * Level 7.1 Spellcasting
 * Level 4.4 Conjurations
 - Level 1.1 Summonings
 - Level 1.1 Translocations
 + Level 0.2 Fire Magic
 - Level 1.0 Air Magic
 - Level 2.0 Poison Magic
 + Level 0.9 Evocations


You had 7 spell levels left.
You knew the following spells:

 Your Spells              Type           Power        Failure   Level  Hunger
a - Magic Dart            Conj           ####         1%          1    None
b - Mephitic Cloud        Conj/Pois/Air  ###.....     12%         3    None
c - Call Imp              Summ           ##......     11%         2    None
d - Blink                 Tloc           N/A          11%         2    None
e - Conjure Flame         Conj/Fire      ###.....     13%         3    None
f - Apportation           Tloc           ##....       8%          1    None

Your spell library contained the following spells:

 Spells                   Type           Power        Failure   Level  Hunger
 Summon Small Mammal      Summ           ##..         8%          1    None
 Animate Skeleton         Necr           N/A          12%         1    None
 Corona                   Hex            #......      12%         1    None
 Slow                     Hex            #.......     17%         2    None


Dungeon Overview and Level Annotations

Branches:
Dungeon (4/15)             Temple (1/1) D:4

Altars:
Ashenzari
Cheibriados
Dithmenos
Elyvilon
Fedhas
Gozag
Hepliaklqana
Makhleb
Nemelex Xobeh
Okawaru
Qazlal
Ru
Sif Muna
Trog
Uskayaw
Vehumet
Wu Jian
Yredelemnul
Zin
The Shining One


Message History

Press: ? - help, Shift-Dir - straight line, f/p - ogre
Aim: an ogre, wielding a +0 giant club (lightly wounded, confused)
The magic dart hits the ogre.
The ogre is lightly wounded.
Casting: Magic Dart (safe; 1% risk of failure)
Confirm with . or Enter, or press ? or * to list all spells.
Aiming: Magic Dart (safe; 1% risk of failure)
Press: ? - help, Shift-Dir - straight line, f/p - ogre
Aim: an ogre, wielding a +0 giant club (lightly wounded, confused)
The magic dart hits the ogre.
The ogre is moderately wounded.
The ogre hits you with a +0 giant club!!
Ouch! That really hurt!
* * * LOW HITPOINT WARNING * * *
You hit the ogre.
The ogre is poisoned.
The ogre is moderately wounded.
A howler monkey comes into view.
The ogre hits you with a +0 giant club!!
Ouch! That really hurt!
You die...

....###......
............
...........
......○...#
........○.# ##
.#..........# #..
..h......O..####...
.....# #@###......
...... #..#......#
.....####........#
#....#......##..
##...............
#.................
....##[.......##...#
#. #.............#
#...........)##


You could see an ogre (confused, very poisoned) and a howler monkey (wandering).

Vanquished Creatures
  Sigmund (D:2)
  A scorpion (D:4)
  An orc wizard (D:3)
  Ijyb (D:3)
  4 gnolls (D:4)
  7 adders
  An ooze (D:4)
  7 worms
  3 dart slugs (D:1)
  6 leopard geckos
  8 orcs
  5 bats
  2 giant cockroaches (D:1)
  7 goblins
  10 hobgoblins
  11 jackals
  6 kobolds
  3 ball pythons
  4 frilled lizards
  8 rats
96 creatures vanquished.

Vanquished Creatures (collateral kills)
  Terence (D:2)
1 creature vanquished.

Grand Total: 97 creatures vanquished

Notes
Turn   | Place    | Note
-------+----------+-------------------------------------------
     0 | D:1      | pokeman the Deep Elf Wizard began the quest for the Orb.
     0 | D:1      | Reached XP level 1. HP: 10/10 MP: 7/7
   522 | D:1      | Reached XP level 2. HP: 15/15 MP: 7/9
   887 | D:1      | Reached skill level 5 in Spellcasting
  1052 | D:1      | Reached XP level 3. HP: 20/20 MP: 11/11
  1057 | D:1      | Learned a level 3 spell: Mephitic Cloud
  1060 | D:1      | Learned a level 2 spell: Call Imp
  1063 | D:1      | Learned a level 2 spell: Blink
  1067 | D:1      | Learned a level 3 spell: Conjure Flame
  1594 | D:2      | Noticed Terence
  1837 | D:2      | Learned a level 1 spell: Apportation
  1878 | D:2      | Reached skill level 1 in Armour
  1880 | D:2      | Reached skill level 1 in Fighting
  2110 | D:2      | Reached XP level 4. HP: 25/25 MP: 11/13
  2206 | D:2      | Killed Terence
  2662 | D:2      | Noticed Sigmund
  2678 | D:2      | Killed Sigmund
  2678 | D:2      | Reached skill level 6 in Spellcasting
  2678 | D:2      | Reached skill level 1 in Poison Magic
  2678 | D:2      | Reached XP level 5. HP: 19/29 MP: 6/15
  2921 | D:3      | Reached XP level 6. HP: 34/34 MP: 17/17
  3758 | D:3      | Noticed Ijyb
  3775 | D:3      | Killed Ijyb
  4018 | D:4      | Reached skill level 7 in Spellcasting
  4022 | D:4      | Reached skill level 1 in Air Magic
  4307 | D:4      | Found a staircase to the Ecumenical Temple.
  4317 | Temple   | Entered the Ecumenical Temple
  4482 | Temple   | Became a worshipper of Vehumet
  4622 | D:4      | Demolished by an ogre

Illustrated notes

Levels and vault maps discovered:
D:1:      sevenhm_arrival_forest_fort_large_3, layout_basic,
          minmay_misc_feat_alley
D:2:      layout_loops_ring, first_ration, uniq_terence, uniq_sigmund
D:3:      layout_rooms, uniq_ijyb
D:4:      layout_cave_pools, temple_fountains, nicolae_tso_besieged_by_evil,
          uniq_pikel
Temple:   roderic_octagonal_lattice_temple

Skill      XL: |  1  2  3  4  5  6 |
---------------+-------------------+-----
Spellcasting   | 5 6 7 |  7.1
Armour         | 1 |  1.0
Fighting       | 1 |  1.0
Conjurations   | 2 3 4 |  4.4
Dodging        | 3 |  3.3
Poison Magic   | 1 2 |  2.0
Stealth        | 3 |  3.0
Air Magic      | 1 |  1.0
Summonings     | |  1.1
Translocations | |  1.1
Fire Magic     | |  0.2
Evocations     | |  0.9

Action                   |  1- 3 |  4- 6 || total
-------------------------+-------+-------++-------
Melee: Unarmed           |     3 |     2 ||     5
       Mace              |       |     3 ||     3
       Hand axe          |       |    16 ||    16
 Cast: Magic Dart        |   104 |   125 ||   229
       Conjure Flame     |     2 |     8 ||    10
       Mephitic Cloud    |     1 |     8 ||     9
       Call Imp          |       |     2 ||     2
 Stab: Confused          |       |     3 ||     3
       Sleeping          |       |     1 ||     1
  Eat: Chunk             |     4 |     7 ||    11
Armor: Robe              |     6 |     6 ||    12
       Leather armour    |       |     1 ||     1
Dodge: Dodged            |    26 |    33 ||    59
